 Dungeon Crawl Stone Soup version 0.31-a0-233-g139696dc86 (webtiles) character file.

Game seed: 15117743869103746257

207 qw the Shooter (level 5, -1/45 HPs)
             Began as a Minotaur Hexslinger on July 7, 2023.
             Succumbed to a scorpion's poison
             ... on level 4 of the Dungeon.
             The game lasted 00:00:59 (2435 turns).

qw the Shooter (Minotaur Hexslinger)                Turns: 2435, Time: 00:00:59

Health: -1/45      AC:  5    Str: 13    XL:     5   Next: 54%
Magic:  5/5        EV: 11    Int: 10    God:
Gold:   169        SH:  0    Dex: 14    Spells: 5/6 levels left

rFire   . . .        Y - +1 sling
rCold   . . .        (no shield)
rNeg    . . .        k - +0 ring mail
rPois   .            (helmet restricted)
rElec   .            (no cloak)
rCorr   .            (no gloves)
SInv    .            (no boots)
Will    .....        (no amulet)
Stlth   +            (no ring)
HPRegen 0.27/turn    (no ring)
MPRegen 0.09/turn

%: no passive effects
@: lethally poisoned (-1 -> -14)
A: horns 2, retaliatory headbutt
a: no special abilities


You were on level 4 of the Dungeon.
You visited 1 branch of the dungeon, and saw 4 of its levels.

You collected 169 gold pieces.


Innate Abilities, Weirdness & Mutations

You have a pair of horns on your head.
You reflexively headbutt those who attack you in melee.


   Skills:
 - Level 3.3 Fighting
 + Level 5.6 Ranged Weapons
 - Level 1.0 Armour
 - Level 2.1 Dodging
 - Level 1.0 Spellcasting
 - Level 2.0 Hexes


You had 5 spell levels left.
You knew the following spells:

 Your Spells              Type           Power      Damage    Failure   Level
a - Slow                  Hex            16%        N/A       32%         1

Your spell library contained the following spells:

 Spells                   Type           Power      Damage    Failure   Level
 Inner Flame              Hex/Fire       2%         N/A       82%         3
 Portal Projectile        Hex/Tloc       4%         N/A       82%         3
 Cause Fear               Hex            2%         N/A       97%         4

Inventory:

Hand Weapons
 Y - a +1 sling (weapon)
Armour
 k - a +0 ring mail (worn)
Potions
 a - a potion of attraction {unknown}
 e - a potion of cancellation {unknown}
 f - a potion of degeneration {unknown}
 j - 2 potions of curing

Dungeon Overview and Level Annotations

Branches:
Dungeon (4/15)
 Temple: D:4-7

Altars:
Fedhas

Annotations:
D:1 1 runed translucent door


Message History

The sling bullet barely misses the hound.
The hound bites you but does no damage. The scorpion stings you.
The hound bites you.
You shoot a sling bullet. The sling bullet hits the hound!
The hound is severely wounded.
The scorpion stings you.
You are poisoned.
The scorpion poisons you! The hound completely misses you.
The scorpion barely misses you. The hound bites you.
You shoot a sling bullet. The sling bullet hits the hound.
You kill the hound!
You feel very sick. The scorpion stings you.
Your Fighting skill increases to level 3!
You shoot a sling bullet.
The sling bullet hits the scorpion but does no damage.
The scorpion is moderately wounded.
You feel sick. The scorpion misses you. The scorpion stings you.
You shoot a sling bullet. The sling bullet hits the scorpion.
The scorpion is heavily wounded.
You feel sick. The scorpion barely misses you.
You shoot a sling bullet. The sling bullet hits the scorpion.
The scorpion is severely wounded.
You feel sick. The scorpion closely misses you. x2
You shoot a sling bullet.
The sling bullet closely misses the scorpion.
You feel sick. The scorpion barely misses you.
You shoot a sling bullet. The sling bullet hits the scorpion.
The scorpion is severely wounded.
You feel sick. The scorpion stings you. The scorpion barely misses you.
You furiously retaliate!
You headbutt the scorpion. You shoot a sling bullet.
The sling bullet hits the scorpion but does no damage.
The scorpion is severely wounded.
You feel sick. The scorpion stings you.
You are lethally poisoned!
The scorpion poisons you!
You shoot a sling bullet.
The sling bullet barely misses the scorpion.
You die...

##.## ..# #.#
#.# ##.# #.#
#..# #.# # #.##
#.# .# #.# ##
#.##.# #.#####
.. #s##.###
#......
#.###.#@#....###
#.#####
#..<......#
#..###.#
...##.##)##
#..##.#
#.......#
#...).#
..##.##.##
##..##.# .. ..
##.###..###.# #
## ##...#.# #.#
##)##.# #..
###...#.# ###


You could see a scorpion.

Vanquished Creatures
  A phantom (D:3)
  A hound (D:4)
  2 adders (D:3)
  3 worms
  5 dart slugs
  An orc (D:3)
  6 ball pythons
  6 bats
  3 endoplasms
  2 giant cockroaches
  7 goblins
  6 hobgoblins
  A jackal (D:3)
  2 quokkas
  3 frilled lizards
  10 kobolds
  7 rats
66 creatures vanquished.

Notes
Turn   | Place    | Note
-------+----------+-------------------------------------------
     0 | D:1      | qw the Minotaur Hexslinger began the quest for the Orb.
     0 | D:1      | Reached XP level 1. HP: 16/16 MP: 1/1
     0 | D:1      | 0 ||| qw: Version: 0.3-a-46-gb1f654a
     0 | D:1      | 0 ||| qw: Game counter: 3081
     0 | D:1      | 0 ||| qw: Melee chars always use a shield: true
     0 | D:1      | 0 ||| qw: God list: Okawaru
     0 | D:1      | 0 ||| qw: Allow faded altars: false
     0 | D:1      | 0 ||| qw: Do Orc after clearing Dungeon:15 true
     0 | D:1      | 0 ||| qw: Do second Lair branch before Depths: true
     0 | D:1      | 0 ||| qw: Lair rune preference: random
     0 | D:1      | 0 ||| qw: Goals: Normal
     0 | D:1      | 0 ||| PLANNING D:1-11
     2 | D:1      | Found a runed translucent door.
    17 | D:1      | Found a faded altar of an unknown god.
    91 | D:1      | Reached skill level 3 in Ranged Weapons
    91 | D:1      | Reached XP level 2. HP: 23/23 MP: 2/2
   205 | D:1      | 205 ||| FLEEEEING.
   797 | D:1      | 797 ||| UPGRADING to +0 leather armour.
   807 | D:1      | 807 ||| DROPPING +0 robe.
   808 | D:1      | 808 ||| UPGRADING to +0 ring mail.
   818 | D:1      | 818 ||| DROPPING +0 leather armour.
   819 | D:1      | 819 ||| READING scroll labelled YTININAZIL.
   820 | D:1      | 820 ||| READING scroll labelled JOCWAH GOCIEMA.
   821 | D:1      | 821 ||| READING scroll labelled VORORRUNUM.
   822 | D:1      | 822 ||| READING scroll labelled XUXZET DEHONIXTIEN.
   823 | D:1      | 823 ||| READING scroll labelled NYCKUN AT SAR.
   824 | D:1      | 824 ||| DROPPING scroll of poison.
   841 | D:2      | Found a blossoming altar of Fedhas.
   849 | D:2      | Reached XP level 3. HP: 28/29 MP: 3/3
  1084 | D:2      | Reached skill level 4 in Ranged Weapons
  1148 | D:2      | Reached skill level 1 in Armour
  1473 | D:2      | 1473 ||| READING scroll labelled RAM TE OLE.
  1474 | D:2      | 1474 ||| DRINKING 2 viscous silvery potions.
  1588 | D:3      | HP: 7/29 [adder (1)]
  1592 | D:3      | Reached XP level 4. HP: 5/36 MP: 4/4
  1837 | D:3      | Noticed a phantom
  1859 | D:3      | Killed a phantom
  1860 | D:3      | Reached skill level 5 in Ranged Weapons
  1860 | D:3      | Reached XP level 5. HP: 13/41 MP: 5/5
  2342 | D:3      | 2342 ||| READING scroll labelled IPLAEZERCHY.
  2343 | D:3      | 2343 ||| READING scroll labelled RELEIB FICZA.
  2344 | D:3      | 2344 ||| READING scroll labelled QETOUT JIOLI.
  2429 | D:4      | Reached skill level 3 in Fighting
  2433 | D:4      | HP: 7/45 [scorpion (6)]
  2434 | D:4      | HP: 3/45 [scorpion (3)]
  2435 | D:4      | Succumbed to a scorpion's poison

Levels and vault maps discovered:
D:1:      dpeg_arrival_caged_fury, layout_basic, ebering_ecumenical_altar_ruins
D:2:      layout_basic, basic_altar
D:3:      cheibrodos_old_hovel, layout_loops_ring
D:4:      layout_loops_ring, serial_shops, shop, minmay_misc_feat_tiny,
          uniq_crazy_yiuf_cottage

Skill      XL: |  1  2  3  4  5 |
---------------+----------------+-----
Ranged Weapons | 3 4 5 |  5.6
Fighting       | 2 3 |  3.3
Armour         | 1 |  1.0
Dodging        | |  2.1
Spellcasting   | |  1.0
Hexes          | |  2.0

Action                     |  1- 3 |  4- 6 || total
---------------------------+-------+-------++-------
   Fire: Sling             |   153 |    99 ||   252
    Use: Scroll            |     6 |     3 ||     9
         Potion            |     1 |       ||     1
 Armour: Robe              |     8 |       ||     8
         Ring mail         |    15 |    18 ||    33
  Dodge: Dodged            |    44 |    37 ||    81

Table legend:
 A = Non-vault XP
 B = Vault XP
 C = Vault XP percentage of total XP
 D = Non-vault monster count
 E = Vault monster count
 F = Vault count percentage of total count
                 A         B        C        D         E       F
            +---------+---------+-------+---------+---------+-------
      Total |     295 |       2 |   0.7 |      65 |       1 |   1.5
            +---------+---------+-------+---------+---------+-------
        D:1 |      38 |       0 |   0.0 |      21 |       0 |   0.0
        D:2 |      37 |       0 |   0.0 |      18 |       0 |   0.0
        D:3 |     172 |       2 |   1.1 |      22 |       1 |   4.3
        D:4 |      48 |       0 |   0.0 |       4 |       0 |   0.0
            +---------+---------+-------+---------+---------+-------
